 Dungeon Crawl Stone Soup version 0.27.1-35-g4d5d836560 (console) character file.

Game seed: 15923447822229651756

6155 grimtooth the Fighter (level 10, 0/90 HPs)
             Began as a Palentonga Abyssal Knight on June 7, 2022.
             Was an Elder of Lugonu.
             Slain by a large abomination (16 damage)
             ... summoned by Lugonu's corruption
             ... in a bailey on June 8, 2022.
             The game lasted 00:53:56 (7368 turns).

grimtooth the Fighter (Palentonga Abyssal Knight)   Turns: 7368, Time: 00:53:56

Health: 0/90       AC: 16    Str: 18    XL:     10   Next: 59%
Magic:  9/17       EV:  8    Int: 13    God:    Lugonu [****..]
Gold:   462        SH:  0    Dex: 10    Spells: 9/9 levels left

rFire    + . .     SeeInvis +   T - +7 hand axe "Josui" {vamp, rElec rF+}
rCold    + . .     Faith    .   (no shield)
rNeg     . . .     Spirit   .   l - +1 ring mail
rPois    +         Reflect  .   Q - +2 hat
rElec    +         Harm     .   z - +0 cloak
rCorr    .         Rampage  .   (no gloves)
Will     .....                  (no barding)
Stlth    ..........             y - amulet of regeneration
HPRegen  1.25/turn              K - ring of poison resistance
MPRegen  0.15/turn              S - ring of protection from cold

@: curled up
A: large, rugged brown scales 3, see invisible, deformed body, roll 1, armoured
tail, reflexive curl
a: Rolling Charge, Renounce Religion, Depart the Abyss, Bend Space, Banish,
Corrupt


You were in a bailey.
You worshipped Lugonu.
Lugonu was greatly pleased with you.
You visited 1 branch of the dungeon, and saw 9 of its levels.
You visited the Abyss 1 time.
You also visited: Bailey.

You collected 462 gold pieces.

Inventory:

Hand Weapons
 a - a +1 dire flail of protection
 O - a +1 whip of draining
 T - the +7 hand axe "Josui" (weapon) {vamp, rElec rF+}
   (You found it on level 8 of the Dungeon)

   It occasionally heals its wielder for a portion of the damage dealt when it
   wounds a living foe.
   rF:        It protects you from fire.
   rElec:     It insulates you from electricity.
Missiles
 d - 60 poisoned darts (quivered)
 e - 56 stones
 n - 124 sling bullets
 v - 13 boomerangs
 M - 14 boomerangs of dispersal
 P - a curare-tipped dart
Armour
 l - a +1 ring mail (worn)
 z - a +0 cloak (worn)
 Q - a +2 hat (worn)
Jewellery
 c - an amulet of faith
 m - a ring of resist corrosion
 y - an amulet of regeneration (around neck)
 K - a ring of poison resistance (left hand)
 S - a ring of protection from cold (right hand)
Wands
 J - a wand of mindburst (8)
 U - a wand of polymorph (5)
Scrolls
 f - a scroll of vulnerability {unknown}
 i - 5 scrolls of amnesia
 j - 5 scrolls of identify {unknown}
 k - a scroll of noise {unknown}
 r - 2 scrolls of summoning {unknown}
 s - 3 scrolls of torment {unknown}
 B - a scroll of teleportation
 C - a scroll of enchant weapon {unknown}
 D - 2 scrolls of fog
 E - a scroll of fear {unknown}
 F - 2 scrolls of magic mapping {unknown}
 I - a scroll of enchant armour
 L - 2 scrolls of blinking {unknown}
 R - a scroll of brand weapon {unknown}
Potions
 g - 3 potions of lignification {unknown}
 t - a potion of might {unknown}
 w - 2 potions of curing
 A - a potion of magic {unknown}
 G - a potion of cancellation {unknown}
 H - 2 potions of brilliance {unknown}
 N - a potion of mutation {unknown}


   Skills:
 + Level 10.2 Fighting
 - Level 10.0 Maces & Flails
 - Level 1.5 Armour
 - Level 0.7 Dodging
 + Level 9.3 Invocations


You had 9 spell levels left.
You didn't know any spells.
Your spell library contained the following spells:

 Spells                   Type           Power      Damage    Failure   Level
 Animate Skeleton         Necr           0%         N/A       50%         1
 Apportation              Tloc           0%         N/A       50%         1
 Corona                   Hex            0%         N/A       50%         1
 Summon Small Mammal      Summ           0%         N/A       50%         1


Dungeon Overview and Level Annotations

Branches:
Dungeon (9/15)             Temple (0/1) D:5            Lair (0/6) D:9
 Bailey (1/1)
    Orc: D:9-12

Altars:
Dithmenos
Fedhas
Qazlal
Uskayaw

Shops:
D:1 !   D:4 *

Annotations:
D:4 2 transporters, greynaab's ghost, amateur OpBe
D:9 2 transporters, allion's ghost, journeyman HOFi Bailey corrupted


Innate Abilities, Weirdness & Mutations

You are completely covered in rugged brown scales. (AC +3, +7% HP)
You have supernaturally acute eyesight. (SInv)
Armour fits poorly on your strangely shaped body.
You can roll at nearby foes to attack.
You have a long armoured tail.
You curl defensively after being hit.


Message History

Something hits the small abomination.
Something hits the small abomination!
The small abomination barely misses the kobold demonologist.
The kobold demonologist hits the starcursed mass but does no damage.
The kobold demonologist hits the starcursed mass with a +0 war axe.
The kobold demonologist closely misses the small abomination.
The kobold demonologist hits the small abomination with a +0 war axe.
The starcursed mass shudders and is absorbed by its neighbour.
The large abomination hits the chaos spawn!!!
The chaos spawn dies!
The chaos spawn degenerates into a cloud of primal chaos!
The small abomination closely misses the kobold demonologist.
The small abomination hits something!
A starcursed mass splits. x2
An orc warrior comes into view. It is wielding a +0 war axe.
The small abomination barely misses the kobold demonologist.
The blink frog blinks!
The orc warrior hits the small abomination with a +0 war axe!
The small abomination is destroyed!
The small abomination disappears in a puff of smoke!
The kobold demonologist mumbles some strange words.
The iron imp hits the starcursed mass.
The starcursed mass shudders and is absorbed by its neighbour.
The small abomination barely misses the kobold demonologist.
A starcursed mass splits.
The tentacled starspawn barely misses the iron imp.
The tentacled starspawn tentacle-slaps the iron imp!
The iron imp dies!
The iron imp disappears in a puff of smoke!
The starspawn tentacle barely misses the neqoxec.
The small abomination barely misses the kobold demonologist.
The starcursed mass touches the kobold demonologist.
The lorocyproca closely misses you. 2 starspawn tentacle segments come into view.
Press: ? - help, v - describe, . - travel
Here: a neqoxec (water, summoned) Some deep water.
The smoke demon gestures at something.
A starcursed mass splits.
Something hits the starcursed mass but does no damage.
The blink frog blinks!
The large abomination hits you!
You die...

#.....#.....#
#..⌠..#o.#### ...
+.....g..# ...
+.....'..#
..#####'.'#####
§#.#..3.[)...#
#####3≈.w.##)).≈≈######
≈#....#│X5X).X..≈≈≈≈≈≈≈
≈#..≈(.│.#§XX..≈≈≈≈≈≈≈≈
≈≈≈#.3#.──XK..≈.≈≈≈≈≈≈≈
≈≈≈≈≈#2X@2Xxx3#≈≈≈≈≈≈≈≈
≈≈≈≈≈##X3XLFw...≈≈≈≈≈≈≈
####....h.X<....#######
#.###.X4.X\..#
..XX#X.X.# .#.X#.h...#
###X..#.... #.#...##.
##.∩.# #####


You could see a kobold demonologist, a neqoxec (summoned), 9 neutral starcursed
masses, 3 neutral tentacled starspawn, a neutral revenant (summoned), a neutral
lorocyproca (summoned, invisible), a neutral blizzard demon (summoned), 6
neutral large abominations, 2 neutral smoke demons, 2 neutral raiju, a neutral
blink frog (summoned), 2 neutral neqoxecs, a neutral chaos spawn (summoned), 2
neutral small abominations, 2 neutral starspawn tentacles and a neutral white
imp (summoned).

Vanquished Creatures
  Gastronok (D:8)
  A hornet (D:5)
  A wyvern (D:8)
  3 yaks
  Edmund (D:4)
  A water moccasin (D:8)
  3 orc warriors
  2 black bears
  2 ice beasts
  A sky beast (D:6)
  5 ogres
  2 necrophages (D:6)
  A phantom (D:5)
  A centaur (D:8)
  3 kobold brigands
  2 bullfrogs
  A water moccasin zombie (D:5)
  4 scorpions
  A water moccasin skeleton (D:5)
  8 wights
  6 howler monkeys
  A bullfrog zombie (D:5)
  A centaur zombie (D:6)
  2 bullfrog skeletons (D:5)
  3 hounds
  2 orc priests
  A gnoll shaman (D:4)
  3 iguanas
  Crazy Yiuf (D:4)
  A centaur skeleton (D:7)
  2 orc wizards
  6 adders
  13 gnolls
  2 white imps
  3 ufetubi
  2 worms
  3 dart slugs
  15 orcs
  4 endoplasms (D:1)
  3 giant cockroaches
  11 goblins
  5 hobgoblins
  2 quokkas (D:2)
  7 ball pythons
  3 bats
  A frilled lizard (D:2)
  24 kobolds
  7 rats
178 creatures vanquished.

Vanquished Creatures (others)
  A kobold demonologist (Bailey)
  An orc warrior (Bailey)
  An orc (Bailey)
  A goblin (Bailey)
  18 plants (D:2)
  A starspawn tentacle (Bailey)
23 creatures vanquished.

Grand Total: 201 creatures vanquished

Notes
Turn   | Place    | Note
-------+----------+-------------------------------------------
     0 | Abyss:1  | grimtooth the Palentonga Abyssal Knight began the quest for
                  | the Orb.
     0 | Abyss:1  | Reached XP level 1. HP: 19/19 MP: 2/2
    42 | Abyss:1  | Noticed a large abomination
    55 | D:1      | Escaped the Abyss
   210 | D:1      | Reached * piety under Lugonu
   255 | D:1      | Found Loodgh's Distillery.
   281 | D:1      | Reached XP level 2. HP: 13/25 MP: 3/3
   637 | D:2      | You fall into a shaft and drop 2 floors!
   637 | D:4      | Noticed greynaab's ghost (amateur OpBe)
   637 | D:4      | Found a transporter.
   638 | D:4      | Noticed Edmund
   663 | D:4      | Found Viorecan's General Store.
   715 | D:4      | Reached XP level 3. HP: 13/31 MP: 4/4
  1121 | D:4      | Noticed a scorpion
  1127 | D:4      | Killed a scorpion
  1128 | D:4      | Reached XP level 4. HP: 39/39 MP: 5/5
  1220 | D:4      | Reached XP level 5. HP: 35/44 MP: 6/6
  1610 | D:2      | Reached ** piety under Lugonu
  1879 | D:2      | Reached skill level 5 in Maces & Flails
  2829 | D:3      | Reached XP level 6. HP: 52/52 MP: 7/7
  2831 | D:3      | Found a shadowy altar of Dithmenos.
  2921 | D:3      | Found a stormy altar of Qazlal.
  3306 | D:4      | Found a transporter.
  3413 | D:4      | Killed Edmund
  3609 | D:4      | Reached skill level 5 in Fighting
  3714 | D:4      | Found a runed translucent door.
  3715 | D:4      | Noticed Crazy Yiuf
  3952 | D:4      | Killed Crazy Yiuf
  3953 | D:4      | Gained mutation: You curl defensively after being hit.
                  | [Palentonga growth]
  3953 | D:4      | Reached XP level 7. HP: 53/58 MP: 6/8
  4015 | D:5      | Entered Level 5 of the Dungeon
  4083 | D:5      | Found a staircase to the Ecumenical Temple.
  4233 | D:5      | Found a hide-covered altar of Uskayaw.
  4427 | D:5      | Reached XP level 8. HP: 68/68 MP: 9/9
  4444 | D:5      | Noticed a hornet
  4450 | D:5      | Paralysed by a hornet for 3 turns
  4461 | D:5      | Killed a hornet
  4461 | D:5      | Reached *** piety under Lugonu
  4634 | D:6      | Reached skill level 5 in Invocations
  4857 | D:6      | Found a blossoming altar of Fedhas.
  4938 | D:6      | Reached XP level 9. HP: 73/73 MP: 12/14
  5117 | D:6      | Identified the +8 short sword of Xyusy {vorpal, Stlth+}
  5808 | D:7      | Reached **** piety under Lugonu
  6227 | D:8      | Noticed Gastronok
  6396 | D:8      | Killed Gastronok
  6397 | D:8      | Reached XP level 10. HP: 88/88 MP: 16/16
  6917 | D:8      | Identified the +7 hand axe "Josui" {vamp, rElec rF+}
  7045 | D:9      | Noticed a catoblepas
  7046 | D:9      | Found a transporter.
  7047 | D:9      | Noticed a cyan ugly thing
  7048 | D:9      | Noticed allion's ghost (journeyman HOFi)
  7069 | D:9      | Found a transporter.
  7071 | D:9      | Found a staircase to the Lair.
  7084 | D:9      | Reached skill level 10 in Fighting
  7084 | D:9      | Reached skill level 10 in Maces & Flails
  7118 | D:9      | Found a flagged portal.
  7156 | Bailey   | Entered a bailey
  7309 | Bailey   | Reached ***** piety under Lugonu
  7329 | Bailey   | Found an iron altar of Okawaru.
  7338 | Bailey   | Noticed a rust devil
  7349 | Bailey   | Noticed a sun demon
  7360 | Bailey   | - ugh
  7363 | Bailey   | Corrupted Bailey
  7363 | Bailey   | Noticed a blizzard demon
  7363 | Bailey   | Noticed a smoke demon
  7363 | Bailey   | Noticed a revenant
  7363 | Bailey   | Noticed a tentacled starspawn
  7363 | Bailey   | Noticed a large abomination
  7363 | Bailey   | Noticed a starcursed mass
  7363 | Bailey   | Noticed a starcursed mass
  7363 | Bailey   | Noticed a starcursed mass
  7363 | Bailey   | Noticed a tentacled starspawn
  7363 | Bailey   | Noticed a large abomination
  7363 | Bailey   | Noticed a large abomination
  7364 | Bailey   | Noticed a lorocyproca
  7367 | Bailey   | Noticed a smoke demon
  7367 | Bailey   | Noticed a starcursed mass
  7367 | Bailey   | Noticed a tentacled starspawn
  7368 | Bailey   | Slain by a large abomination

Illustrated notes

+....4'..#
#####'''#####
#.......)...#
######≈≈≈≈.)K)≈≈≈######
≈≈≈≈≈≈≈≈≈≈K).≈≈≈≈≈≈≈≈≈≈
≈≈≈≈≈≈≈≈≈≈54o≈≈≈≈≈≈≈≈≈≈
≈≈≈≈≈≈≈≈≈≈...≈≈≈≈≈≈≈≈≈≈
≈≈≈≈≈≈≈≈≈≈...≈≈≈≈≈≈≈≈≈≈
≈≈≈≈≈≈≈..3......≈≈≈≈≈≈≈
########.......########
#.@.....# #.......#
#...∩...# #.......#
###...### #.∩.# #####


Turn 7360 on Bailey: - ugh

Levels and vault maps discovered:
D:1:      amcnicky_arrival_choice, layout_basic, serial_shops,
          nicolae_square_shop, palyth_stone_intersect, minmay_pentomino_p2
D:2:      layout_loops_corners, kennysheep_doodads, lexackson_kobold_supper
D:3:      kennysheep_big_flooded_room, layout_rooms,
          mainiacjoe_overflow_big_doors
D:4:      layout_gridville, gammafunk_ghost_stat_death, serial_shops, shop,
          minmay_increasing_density, uniq_crazy_yiuf_cottage, uniq_edmund
D:5:      layout_rooms, eat_drink_and_be_merry_uskayaw,
          minmay_temple_entry_statues
D:6:      layout_basic, general_overflow_altar
D:7:      layout_basic, minmay_unpleasant_kobolds
D:8:      layout_basic, uniq_gastronok
D:9:      layout_cave_pods, lair_entry_dummy, enter_bailey_3,
          gammafunk_ghost_arena
Bailey:   bailey_axe_of_yendor_kennysheep, bailey

Skill      XL: |  1  2  3  4  5  6  7  8  9 10 |
---------------+-------------------------------+-----
Maces & Flails | 3 4 5 6 7 9 10 | 10.0
Fighting       | 4 5 6 9 10 | 10.2
Invocations    | 6 9 |  9.3
Armour         | |  1.5
Dodging        | |  0.7

Action                   |  1- 3 |  4- 6 |  7- 9 | 10-12 || total
-------------------------+-------+-------+-------+-------++-------
Melee: Mace              |    50 |    71 |       |       ||   121
       Tailslap          |     4 |    13 |    32 |    15 ||    64
       Dagger            |       |    32 |     5 |       ||    37
       Dire flail        |       |    15 |   290 |   121 ||   426
       Hand axe          |       |       |       |     5 ||     5
Throw: Dart              |     3 |    17 |    75 |     5 ||   100
Invok: Depart the Abyss  |     1 |       |       |       ||     1
       Bend Space        |       |     7 |     3 |     2 ||    12
       Corrupt           |       |       |       |     1 ||     1
 Abil: Rolling Charge    |    15 |    39 |    40 |    10 ||   104
Evoke: Wand              |       |       |       |     5 ||     5
  Use: Scroll            |     4 |       |       |       ||     4
       Potion            |     2 |     1 |       |     1 ||     4
Armor: Leather armour    |     6 |       |       |       ||     6
       Ring mail         |     9 |    39 |   120 |    61 ||   229
Dodge: Dodged            |    11 |    35 |   110 |    47 ||   203
